 Dungeon Crawl Stone Soup version 0.25-a0-435-g4b9beb1024 (webtiles) character file.

Game seed: 662837246423717743, levelgen mode: deterministic

111 Emblim88 the Skirmisher (level 4, -4/35 HPs)
             Began as a Demonspawn Abyssal Knight on Jan 27, 2020.
             Was a Believer of Lugonu.
             Killed by divine providence
             ... invoked by an orc priest
              (16 damage)
             ... on level 3 of the Dungeon.
             The game lasted 00:08:31 (3864 turns).

Emblim88 the Skirmisher (Demonspawn Abyssal Knight) Turns: 3864, Time: 00:08:32

Health: -4/35      AC:  7    Str: 13    XL:     4   Next: 62%
Magic:  6/6        EV: 11    Int: 20    God:    Lugonu [**....]
Gold:   155        SH:  0    Dex: 13    Spells: 3/3 levels left

rFire    . . .     SeeInvis .   a - +1 falchion
rCold    . . .     Gourm    .   (no shield)
rNeg     . . .     Faith    .   w - +0 ring mail
rPois    .         Spirit   .   v - +0 helmet
rElec    .         Reflect  .   (no cloak)
rCorr    .         Harm     .   (no gloves)
MR       .....                  n - +0 pair of boots
Stlth    ++........             k - amulet of magic regeneration
HPRegen  0.11/turn              h - +2 ring of intelligence
MPRegen  0.35/turn              l - +5 ring of intelligence

@: no status effects
A: nightstalker 1
a: Depart the Abyss, Bend Space, Renounce Religion


You were on level 3 of the Dungeon.
You worshipped Lugonu.
Lugonu was pleased with you.
You were hungry.

You visited 1 branch of the dungeon, and saw 3 of its levels.
You visited the Abyss 1 time.

You collected 155 gold pieces.

Inventory:

Hand Weapons
 a - a +1 falchion (weapon)
 g - a +0 dagger of venom
 s - a +0 hunting sling
 y - a +2 flail of holy wrath
Missiles
 i - 48 sling bullets
 q - 63 stones (quivered)
 t - 21 poisoned darts
Armour
 b - a +0 leather armour
 n - a +0 pair of boots (worn)
 u - a +0 scale mail
 v - a +0 helmet (worn)
 w - a +0 ring mail (worn)
Magical Staves
 r - an uncursed staff of death
Jewellery
 h - a +2 ring of intelligence (left hand)
 k - an amulet of magic regeneration (around neck)
 l - a +5 ring of intelligence (right hand)
 z - a cursed ring of attention {unknown}
Scrolls
 d - a scroll of remove curse {unknown}
 e - 2 scrolls of enchant armour {unknown}
 j - a scroll of blinking {unknown}
 m - 2 scrolls of identify {unknown}
 o - a scroll of amnesia {unknown}
 p - 2 scrolls of teleportation {unknown}
Potions
 f - a potion of flight {unknown}
 x - a potion of mutation {unknown}
Comestibles
 c - 6 rations


   Skills:
 + Level 3.5 Fighting
 + Level 2.4 Long Blades
 + Level 2.5 Armour
 + Level 1.9 Dodging
 + Level 3.4 Invocations
 + Level 0.4 Evocations


You had 3 spell levels left.
You didn't know any spells.
Your spell library was empty.

Dungeon Overview and Level Annotations

Branches:
Dungeon (3/15)

Altars:


Innate Abilities, Weirdness & Mutations

You are slightly more attuned to the shadows.


Message History

You hit the orc priest.
The orc priest is moderately wounded.
The orc priest barely misses you.
You hit the orc priest.
The orc priest is severely wounded.
The orc priest looks encouraged for a moment.
You hit the orc priest but do no damage.
The orc priest is severely wounded.
The orc priest hits you with a +0 flail!
You hit the orc priest but do no damage.
The orc priest is severely wounded.
The orc priest closely misses you.
You closely miss the orc priest.
The orc priest is severely wounded.
The orc priest closely misses you.
You hit the orc priest but do no damage.
The orc priest is severely wounded.
The orc priest calls down the wrath of Beogh upon you.
Beogh smites you!
You die...

.. #### .. ...## #.#
#... #(##..#####
#o...#..$# .. ##
#..o#...#..#
##.##.o.#...#..
.##.....##o###.#
........#@#...#
#......##.##...##.#
#......#.#.......#
#....##.##....#..##.
.....#.#......##...#
#....###..##..# ...###
#.......##..####...
##................###.##
#.......................


You could see an orc priest.

Vanquished Creatures
  3 adders
  A worm (D:3)
  2 dart slugs (D:1)
  12 orcs (D:3)
  2 ball pythons (D:2)
  3 giant cockroaches
  8 goblins
  5 hobgoblins
  2 jackals (D:1)
  5 kobolds
  8 bats
  6 frilled lizards
  5 rats
62 creatures vanquished.

Notes
Turn   | Place    | Note
-------+----------+-------------------------------------------
     0 | Abyss:1  | Emblim88 the Demonspawn Abyssal Knight began the quest for
                  | the Orb.
     0 | Abyss:1  | Reached XP level 1. HP: 18/18 MP: 2/2
    11 | D:1      | Escaped the Abyss
    96 | D:1      | Reached skill level 1 in Dodging
   144 | D:1      | Gained mutation: You are slightly more attuned to the
                  | shadows. [demonic ancestry]
   144 | D:1      | Reached XP level 2. HP: 21/24 MP: 4/4
   268 | D:1      | Reached ** piety under Lugonu
   653 | D:1      | Reached XP level 3. HP: 11/29 MP: 5/5
  2655 | D:2      | Reached XP level 4. HP: 33/35 MP: 6/6
  3864 | D:3      | Killed from afar by an orc priest

Levels and vault maps discovered:
D:1:      minmay_arrival_wavy_path, layout_loops_ring, columned_hall_lemuel,
          minivault_24
D:2:      layout_loops_corners, kennysheep_generic_room_11
D:3:      layout_loops_ring, st_stairs_6, minmay_vboxes, uniq_natasha

Skill      XL: |  1  2 |
---------------+-------+-----
Dodging        | 1 |  1.9
Long Blades    | 2 |  2.4
Armour         | 2 |  2.5
Invocations    | 3 |  3.4
Fighting       | |  3.5
Evocations     | |  0.4

Action                   |  1- 3 |  4- 6 || total
-------------------------+-------+-------++-------
Melee: Falchion          |   123 |    87 ||   210
       Staff             |    18 |     2 ||    20
Throw: Stone             |    11 |    23 ||    34
 Stab: Sleeping          |     6 |     1 ||     7
  Eat: Chunk             |     6 |     3 ||     9
Armor: Leather armour    |    34 |    13 ||    47
       Scale mail        |       |     7 ||     7
       Ring mail         |       |     5 ||     5
Dodge: Dodged            |    85 |    64 ||   149
       Rpst.: Falchion   |    22 |    14 ||    36

Table legend:
 A = Non-vault XP
 B = Vault XP
 C = Vault XP percentage of total XP
 D = Non-vault monster count
 E = Vault monster count
 F = Vault count percentage of total count
                 A         B        C        D         E       F
            +---------+---------+-------+---------+---------+-------
      Total |     151 |       8 |   5.0 |      59 |       3 |   4.8
            +---------+---------+-------+---------+---------+-------
        D:1 |      48 |       0 |   0.0 |      26 |       0 |   0.0
        D:2 |      51 |       2 |   3.8 |      18 |       1 |   5.3
        D:3 |      52 |       6 |  10.3 |      15 |       2 |  11.8
            +---------+---------+-------+---------+---------+-------
